 Dungeon Crawl Stone Soup version 0.18-a0-705-g580043c (webtiles) character file.

153239 xeno23 the Black Belt (level 18, -6/142 HPs)
             Began as a Human Monk on Dec 6, 2015.
             Was the Champion of Ru.
             Killed from afar by a greater naga (38 damage)
             ... with a bolt of poison
             ... on level 3 of the Snake Pit on Dec 7, 2015.
             The game lasted 04:06:01 (34382 turns).

xeno23 the Black Belt (Human Monk)                 Turns: 34382, Time: 04:06:01

Health: -6/142     AC: 14    Str: 14    XL:     18   Next: 22%
Magic:  0/33       EV: 16    Int: 20    God:    Ru [******]
Gold:   788        SH:  0    Dex: 19    Spells: 7 memorised, 5 levels left

rFire  + + .     SeeInvis .       - Unarmed
rCold  + . .     Clarity  .     V - +1 robe "Bagiv" {MR+ MP+9 Int+3 Slay+2}
rNeg   . . .     SustAt   .     (shield unavailable)
rPois  .         Gourm    .     W - +2 helmet {rF+}
rElec  .         Spirit   +     M - +2 cloak
rCorr  .         Dismiss  .     (gloves currently unavailable)
rMut   .         Stasis   .     g - +2 pair of boots
MR     ++...                    s - amulet of guardian spirit
Stlth  ++++......               i - ring "Otratub" {+Inv rF+ rC+ Int+4}
                                (ring unavailable)

@: lethally poisoned (-6 -> -22), blade hand, stone skin, very slightly
contaminated, regenerating, constricted, repel missiles, very resistant to
hostile enchantments, stealthy
A: deformed body, low mp 1, missing a hand, inability to train armour, no hexes
magic, no poison magic, no translocations magic, slow reflexes 1
a: End Transformation, Draw Out Power, Power Leap, Apocalypse, Renounce
Religion, Evoke Invisibility


You were on level 3 of the Snake Pit.
You worshipped Ru.
Ru was exalted by your worship.
You were not hungry.
You had blades for hand.
You visited 5 branches of the dungeon, and saw 31 of its levels.
You also visited: Labyrinth, Ice Cave and Volcano.

You collected 3416 gold pieces.
You spent 2628 gold pieces at shops.

Inventory:

Missiles
 O - 327 arrows
Armour
 g - a +2 pair of boots (worn)
 E - a +2 pair of gloves (melded)
 M - a +2 cloak (worn)
 V - the +1 robe "Bagiv" (worn) {MR+ MP+9 Int+3 Slay+2}
   (You bought it in a shop on level 8 of the Dungeon)

   It affects your intelligence (+3).
   It affects your accuracy and damage with ranged weapons and melee attacks
   (+2).
   It affects your resistance to hostile enchantments.
   It affects your magic capacity (+9).
 W - a +2 helmet of fire resistance (worn)
Rods
 d - a +0 rod of the swarm (12/12)
   (You found it in a labyrinth)
Jewellery
 i - the ring "Otratub" (right scythe-like blade) {+Inv rF+ rC+ Int+4}
   (You bought it in a shop on level 4 of the Orcish Mines)

   [ring of protection from fire]

   It affects your intelligence (+4).
   It protects you from fire.
   It protects you from cold.
   It lets you turn invisible.
 m - an uncursed ring of teleportation
 s - an amulet of guardian spirit (around neck)
 v - an uncursed ring of flight
 w - an uncursed ring of see invisible
 L - an uncursed ring of protection from magic
Wands
 a - a wand of cold (6)
 e - a wand of disintegration (8)
 j - a wand of fireball (11)
 t - a wand of disintegration (17)
 B - a wand of draining (5)
 I - a wand of paralysis (10)
 K - a wand of digging (10)
 Q - a wand of heal wounds (3)
Scrolls
 f - 7 scrolls of remove curse
 q - 3 scrolls of blinking
 u - 4 scrolls of magic mapping
 y - 5 scrolls of enchant armour
 z - 7 scrolls of recharging
 A - 3 scrolls of fog
 C - 4 scrolls of immolation
 D - 3 scrolls of vulnerability
 J - a scroll of identify
 N - 4 scrolls of teleportation
 P - 2 scrolls of amnesia
 R - 4 scrolls of enchant weapon
 T - 4 scrolls of fear
Potions
 c - 5 potions of lignification
 k - 5 potions of haste
 l - 3 potions of agility
 n - 2 potions of magic
 o - 7 potions of brilliance
 p - 3 potions of ambrosia
 r - 10 potions of curing
 x - 4 potions of heal wounds
 F - 2 potions of berserk rage
 G - 4 potions of cancellation
 H - a potion of resistance
 S - a potion of might
 Y - a potion of invisibility
Miscellaneous
 Z - a lamp of fire
Comestibles
 b - 2 bread rations
 h - 10 meat rations
 U - 15 beef jerkies
 X - a chunk of flesh


   Skills:
 + Level 12.8 Fighting
 + Level 11.8 Dodging
 * Level 8.4 Stealth
 * Level 17.1 Unarmed Combat
 - Level 6.0 Spellcasting
 - Level 6.2 Charms
 - Level 6.2 Necromancy
 * Level 9.8 Transmutations
 - Level 6.0 Ice Magic
 + Level 2.8 Earth Magic
 + Level 8.9 Evocations


You had 5 spell levels left.
You knew the following spells:

 Your Spells              Type           Power        Failure   Level  Hunger
a - Ice Form              Ice/Trmt       #####...     36%         4    ####...
b - Statue Form           Trmt/Erth      ####.....    100%        6    #######
c - Stoneskin             Trmt/Erth      ####....     17%         2    None
d - Blade Hands           Trmt           #####.....   41%         5    #####..
e - Regeneration          Chrm/Necr      ####......   24%         3    ##.....
r - Repel Missiles        Chrm/Air       ###...       32%         2    None
s - Sticks to Snakes      Trmt           #####...     12%         2    None


Dungeon Overview and Level Annotations

Branches:
Dungeon (15/15)            Temple (1/1) D:6            Lair (8/8) D:8
 Shoals (0/4) Lair:4        Snake (3/4) Lair:4        Slime (0/6) Lair:8
    Orc (4/4) D:9             Elf (0/3) Orc:4        Vaults (0/5) D:13
 Depths (0/5) D:15

Altars:
Ashenzari
Cheibriados
Dithmenos
Elyvilon
Fedhas
Gozag
Kikubaaqudgha
Makhleb
Nemelex Xobeh
Okawaru
Pakellas
Qazlal
Ru
Sif Muna
Trog
Vehumet
Xom
Yredelemnul
Zin
The Shining One
Beogh

Shops:
D:8 [   D:10 *   D:12 %*}:   Orc:2 *   Orc:4 =}[%


Innate Abilities, Weirdness & Mutations

Your magical capacity is low (-10% MP).
You are missing a hand.
You cannot train Armour skill.
You cannot study or cast Hexes magic.
You cannot study or cast Poison magic.
You cannot study or cast Translocations magic.
You have somewhat slow reflexes. (-3 EV)
Armour fits poorly on your strangely shaped body.


Message History

A black mamba comes into view.
Okay, then.
You barely miss the greater naga.
The greater naga is heavily wounded.
You feel sick. The greater naga hits you with a spear!
* * * LOW HITPOINT WARNING * * *
The greater naga constricts you!
The naga mage begins to cast a spell, but is stunned by your will!
You take 20 damage.
The black mamba hisses angrily.
You hit the greater naga but do no damage.
The greater naga is heavily wounded.
The naga mage gestures at you while chanting.
The poison arrow hits you!
You are more poisoned.
* * * LOW HITPOINT WARNING * * *
The greater naga points at you and mumbles some strange words.
The bolt of poison hits you!
You are more poisoned.
You die...

.#.#..# ##.....#.N#### ......##
#......#..#..#
.#.#...###......#..'..+
........<#....S.#.(N. # #
.#.#...##.......#.N# .#..
....######......#.)####..#.#
.#.## ##......#.)......#.# ....#
##.......####N)####..## .#.##
##........@NN))........#
....###.........N............##
.#.#..........................##
....(####......................##
.#.#.## ###...>.##............#..
......# #...####............###
.#.#..# ##..## #............# #
......####..## ###...........##
.#.#...##...# #..#....#####..##


You could see a greater naga, a black mamba and 3 naga magi.

Vanquished Creatures
  Nikola (Snake:1)
  Agnes (D:15)
  Kirke (Lair:6)
  A greater naga (Snake:3)
  Roxanne (D:15)
  Maud (D:11)
  An orc warlord (Orc:4)
  A stone giant (Orc:4)
  Nessos (Lair:5)
  Azrael (D:12)
  A white draconian (IceCv)
  Snorg (D:12)
  Josephine (D:12)
  Harold (Lair:1)
  A yaktaur captain (D:15)
  An ice dragon (Lair:8)
  4 hydras
  5 naga warriors
  The ghost of crawlian the Destroyer, a journeyman DEFE of Vehumet (Lair:6)
  Erolcha (D:8)
  Erica (D:8)
  An ogre mage (D:15)
  6 anacondas
  6 centaur warriors
  The ghost of nublet the Charmwright, a novice CeSk of Kikubaaqudgha (D:10)
  A tengu warrior (D:15)
  4 orc high priests (Orc:4)
  2 death yaks (Lair:8)
  5 naga sharpshooters
  6 shock serpents
  6 naga ritualists
  2 unseen horrors (D:13)
  5 orc knights
  3 lindwurms
  A wolf spider zombie (D:14)
  10 hill giants
  9 mana vipers
  4 salamanders
  A necromancer (D:13)
  4 cyclopes
  2 griffons
  2 oklob plants (Lair:5)
  3 ugly things
  5 orc sorcerers (Orc:4)
  34 black mambas
  A manticore (D:13)
  4 elephants (Lair:7)
  2 centaur zombies (D:13)
  17 naga magi
  A gargoyle (D:12)
  10 spiny frogs
  A guardian serpent (Snake:1)
  6 torpor snails (Lair:8)
  8 komodo dragons
  8 fire drakes
  A yaktaur (D:15)
  The ghost of crawlian the Conjurer, a novice DEFE of Vehumet (D:5)
  17 polar bears
  6 giant leeches (Lair:8)
  3 tengu conjurers (D:15)
  20 blink frogs
  Grinder (D:4)
  3 two-headed ogres
  Prince Ribbit (D:8)
  A boulder beetle (Lair:8)
  4 slime creatures (D:12)
  A centaur simulacrum (D:15)
  5 trolls
  A hornet zombie (D:15)
  A snapping turtle (Lair:4)
  2 deep elf magi
  A trapdoor spider zombie (D:10)
  A trapdoor spider (D:10)
  A vampire (D:12)
  Sigmund (D:4)
  7 wraiths
  4 shadows
  3 basilisks
  50 yaks
  A wyvern (D:11)
  5 fire elementals (D:12)
  6 hogs
  A steam dragon (Lair:4)
  A fire bat (Volcano)
  15 nagas
  26 wolves
  A mottled dragon (Volcano)
  4 wargs
  14 hippogriffs
  16 water moccasins
  3 hell hounds (D:12)
  14 porcupines
  6 sky beasts
  2 black bears
  12 ice beasts
  An eye of draining (D:14)
  2 necrophages (D:10)
  5 wasps
  46 orc warriors
  4 phantoms
  21 ogres
  18 crocodiles
  22 centaurs
  Blork the orc (D:4)
  A gnoll sergeant (D:10)
  9 killer bees
  27 giant frogs
  4 scorpions
  5 wights (D:10)
  7 lava snakes (Volcano)
  2 electric eels
  2 quasits
  11 crimson imps
  2 giant frog zombies
  43 orc priests
  6 iguanas
  Ijyb (D:2)
  6 hounds
  7 jellies
  5 centaur skeletons
  Jessica (D:2)
  3 giant frog skeletons
  7 worker ants
  29 orc wizards
  2 killer bee zombies (D:7)
  29 sheep
  A hound zombie (D:7)
  A hound skeleton (D:4)
  Robin (D:2)
  12 gnolls
  10 adders
  39 river rats
  4 shadow imps
  An ooze (D:1)
  2 adder skeletons
  An adder zombie (D:4)
  16 worms (Lair:8)
  8 giant geckos
  208 orcs
  9 giant cockroaches
  6 hobgoblins
  A quokka (D:3)
  2 ball pythons
  11 bats
  2 giant gecko skeletons
  A giant gecko zombie (D:5)
  4 giant newts
  15 goblins
  13 jackals
  10 kobolds
  A quokka skeleton (D:4)
  A quokka zombie (D:9)
  8 rats
  8 fungi
  5 plants
1202 creatures vanquished.

Vanquished Creatures (collateral kills)
  A minotaur (Lab)
  A hydra (Lair:4)
  An oklob plant (Lair:5)
  2 polar bears (IceCv)
  A crocodile (Lair:5)
  A bush (Lair:5)
7 creatures vanquished.

Vanquished Creatures (others)
  A hill giant (D:13)
  3 black mambas (Snake:1)
  A cyclops (D:15)
  A giant leech (Lair:8)
  A polar bear (IceCv)
  A wraith (D:12)
  A yak (Lair:8)
  A warg (Orc:4)
  A porcupine (Lair:5)
  2 nagas (Snake:1)
  An ice beast (Orc:1)
  A centaur (D:12)
  An ogre (Orc:4)
  A crimson imp (D:14)
  An orc priest (D:12)
  2 sheep
  4 orcs
  17 fungi
  20 plants
61 creatures vanquished.

Grand Total: 1270 creatures vanquished

Notes
Turn   | Place    | Note
--------------------------------------------------------------
     0 | D:1      | xeno23 the Human Monk began the quest for the Orb.
     0 | D:1      | Reached XP level 1. HP: 18/18 MP: 1/1
    43 | D:1      | Reached XP level 2. HP: 20/24 MP: 2/2
   439 | D:2      | Found a glowing silver altar of Zin.
   445 | D:2      | Noticed an angel
   448 | D:2      | Found a shimmering altar of Xom.
   479 | D:2      | Reached XP level 3. HP: 12/29 MP: 3/3
   762 | D:2      | Noticed Jessica
   980 | D:2      | Reached XP level 4. HP: 27/35 MP: 4/4
  1056 | D:2      | Found a radiant altar of Vehumet.
  1056 | D:2      | Found a burning altar of Makhleb.
  1209 | D:2      | Noticed Ijyb
  1256 | D:2      | Killed Ijyb
  1256 | D:2      | Reached skill level 5 in Unarmed Combat
  1552 | D:2      | Noticed Robin
  1557 | D:2      | Killed Robin
  1557 | D:2      | Reached XP level 5. HP: 30/41 MP: 5/5
  1675 | D:2      | Found an iron altar of Okawaru.
  1798 | D:2      | Killed Jessica
  2555 | D:4      | Reached XP level 6. HP: 43/48 MP: 6/6
  2600 | D:4      | Noticed Sigmund
  2604 | D:4      | Noticed Grinder
  2946 | D:5      | Entered Level 5 of the Dungeon
  3001 | D:5      | Reached skill level 6 in Unarmed Combat
  3006 | D:5      | Noticed crawlian's ghost (novice DEFE)
  3038 | D:6      | Reached XP level 7. HP: 15/55 MP: 7/7
  3404 | D:6      | Reached skill level 5 in Fighting
  3404 | D:6      | Reached skill level 7 in Unarmed Combat
  3536 | D:6      | Found an oddly glowing altar of Pakellas.
  3564 | D:6      | Reached XP level 8. HP: 40/62 MP: 4/8
  3741 | D:6      | Found a staircase to the Ecumenical Temple.
  3780 | Temple   | Entered the Ecumenical Temple
  4032 | D:5      | Reached skill level 5 in Dodging
  4184 | D:5      | Killed crawlian's ghost
  4184 | D:5      | Reached skill level 8 in Unarmed Combat
  4403 | D:5      | Found a blossoming altar of Fedhas.
  4862 | D:4      | Killed Grinder
  4862 | D:4      | Reached XP level 9. HP: 68/70 MP: 9/9
  4932 | D:4      | Killed Sigmund
  4932 | D:4      | Reached skill level 9 in Unarmed Combat
  5150 | D:4      | Noticed Blork the orc
  5159 | D:4      | Killed Blork the orc
  5991 | D:7      | Found a sacrificial altar of Ru.
  6028 | D:7      | Became a worshipper of Ru the Awakened
  6030 | D:7      | Gained mutation: You cannot study or cast Poison magic. [Ru sacrifice]
  6030 | D:7      | Gained mutation: You cannot study or cast Hexes magic. [Ru sacrifice]
  6030 | D:7      | Gained mutation: You cannot study or cast Translocations magic. [Ru sacrifice]
  6030 | D:7      | Reached * piety under Ru
  6156 | D:7      | Found a basalt altar of Yredelemnul.
  6211 | D:7      | Found a glowing golden altar of the Shining One.
  6214 | D:7      | Found a white marble altar of Elyvilon.
  6216 | D:7      | Found a bloodstained altar of Trog.
  6237 | D:7      | Reached skill level 10 in Unarmed Combat
  6301 | D:7      | Reached XP level 10. HP: 79/79 MP: 10/10
  6386 | D:8      | Noticed Erolcha
  6486 | D:8      | Noticed Erica
  6529 | D:8      | Killed Erica
  6743 | D:8      | Killed Erolcha
  6743 | D:8      | Reached skill level 11 in Unarmed Combat
  6791 | D:8      | Noticed Prince Ribbit
  6798 | D:8      | Reached skill level 1 in Evocations
  6824 | D:8      | Killed Prince Ribbit
  7145 | D:8      | Noticed a cyclops
  7185 | D:8      | Killed a cyclops
  7185 | D:8      | Reached XP level 11. HP: 87/87 MP: 12/12
  7254 | D:8      | Found Veun's Antique Armour Emporium.
  7263 | D:8      | Upgraded the game from 0.18-a0-674-g00855b9 to 0.18-a0-705-g580043c
  7264 | D:8      | Bought an ichor-stained ring mail for 171 gold pieces
  7264 | D:8      | Bought a shadowed robe for 108 gold pieces
  7274 | D:8      | Identified the +1 robe "Bagiv" {MR+ MP+9 Int+3 Slay+2} (You bought it in a shop on level 8 of the Dungeon)
  7284 | D:8      | Identified the +3 ring mail of Mokef Xaargh {rElec} (You bought it in a shop on level 8 of the Dungeon)
  7504 | D:8      | Found a staircase to the Lair.
  7647 | D:9      | Reached skill level 12 in Unarmed Combat
  7706 | D:9      | Found a staircase to the Orcish Mines.
  7729 | D:9      | Paralysed by a wasp for 2 turns
  8134 | D:9      | Found a snail-covered altar of Cheibriados.
  8134 | D:9      | Found a stormy altar of Qazlal.
  8137 | D:9      | Found a deep blue altar of Sif Muna.
  8289 | D:10     | Entered Level 10 of the Dungeon
  8347 | D:10     | Noticed a hill giant
  8428 | D:10     | Killed a hill giant
  8682 | D:10     | Noticed a hill giant
  8692 | D:10     | Killed a hill giant
  8725 | D:10     | Noticed nublet's ghost (novice CeSk)
  8758 | D:10     | Killed nublet's ghost
  8893 | D:10     | Reached XP level 12. HP: 73/96 MP: 15/15
  8899 | D:10     | Gained mutation: Your magical capacity is low (-10% MP). [Ru sacrifice]
  9088 | D:10     | Found a white marble altar of Elyvilon.
  9088 | D:10     | Noticed an angel
  9089 | D:10     | Found Gucw's Hallowed Reliquary.
  9105 | D:10     | Bought a potion of curing for 39 gold pieces
  9105 | D:10     | Bought a potion of heal wounds for 65 gold pieces
  9392 | D:10     | Reached skill level 13 in Unarmed Combat
  9431 | D:10     | Reached skill level 5 in Evocations
 10024 | D:11     | Noticed a seven-headed hydra
 10035 | D:11     | Killed a seven-headed hydra
 10078 | D:11     | Found a glowing golden altar of the Shining One.
 10101 | D:11     | Noticed Maud
 10572 | Lair:1   | Entered Level 1 of the Lair of Beasts
 10615 | Lair:1   | Noticed Harold
 10635 | Lair:1   | Killed Harold
 10739 | Lair:1   | Reached skill level 10 in Fighting
 10791 | Lair:1   | Noticed a six-headed hydra
 10861 | Lair:1   | Killed a six-headed hydra
 11160 | Lair:1   | Reached skill level 10 in Dodging
 11449 | Lair:1   | Gained mutation: You are missing a hand. [Ru sacrifice]
 11449 | Lair:1   | Reached ** piety under Ru
 11449 | Lair:1   | Reached *** piety under Ru
 11449 | Lair:1   | Reached **** piety under Ru
 11449 | Lair:1   | Reached ***** piety under Ru
 11516 | Lair:2   | Found a labyrinth entrance.
 11519 | Lair:2   | Found a bloodstained altar of Trog.
 11529 | Lab      | Entered a labyrinth
 12018 | Lab      | Noticed a minotaur
 12034 | Lab      | Killed a minotaur
 12109 | Lab      | Identified a +0 rod of the swarm (12/12) (You found it in a labyrinth)
 12156 | Lair:2   | Learned a level 3 spell: Regeneration
 12266 | Lair:2   | Reached skill level 1 in Charms
 13011 | Lair:3   | Reached skill level 1 in Spellcasting
 13011 | Lair:3   | Reached skill level 1 in Necromancy
 13011 | Lair:3   | Reached XP level 13. HP: 100/103 MP: 15/15
 13150 | Lair:3   | Found a dark tunnel.
 13261 | Lair:3   | Reached skill level 14 in Unarmed Combat
 13266 | Volcano  | Entered a volcano
 13541 | Volcano  | Found a radiant altar of Vehumet.
 13638 | Volcano  | Found a burning altar of Makhleb.
 14495 | Lair:4   | Found a staircase to the Shoals.
 14727 | Lair:4   | Found a staircase to the Snake Pit.
 15234 | Lair:5   | Noticed Nessos
 15527 | Lair:4   | Gained mutation: You have somewhat slow reflexes. (-3 EV) [Ru sacrifice]
 15540 | Lair:5   | Killed Nessos
 15631 | Lair:5   | Reached skill level 5 in Charms
 15646 | Lair:5   | Reached skill level 5 in Necromancy
 16540 | Lair:6   | Noticed Kirke
 16716 | Lair:6   | Reached XP level 14. HP: 78/111 MP: 17/17
 16741 | Lair:6   | Found an opulent altar of Gozag.
 16850 | Lair:6   | Noticed crawlian's ghost (journeyman DEFE)
 16879 | Lair:6   | Killed crawlian's ghost
 16892 | Lair:6   | Got a twisted chain mail
 16903 | Lair:6   | Identified the +4 chain mail of the Slorg {rElec rPois rN+ SInv} (You found it on level 6 of the Lair of Beasts)
 17375 | Lair:6   | Killed Kirke
 17375 | Lair:6   | Reached skill level 1 in Armour
 18407 | Lair:8   | Entered Level 8 of the Lair of Beasts
 18723 | Lair:8   | Reached skill level 5 in Stealth
 18736 | Lair:8   | Found a staircase to the Slime Pits.
 19345 | Lair:8   | Gained mutation: You cannot train Armour skill. [Ru sacrifice]
 19345 | Lair:8   | Reached ****** piety under Ru
 19436 | Lair:8   | Found a runed door.
 20199 | Lair:8   | Reached XP level 15. HP: 66/119 MP: 16/18
 20826 | Orc:1    | Entered Level 1 of the Orcish Mines
 20929 | Orc:1    | Found a roughly hewn altar of Beogh.
 21065 | Orc:1    | Reached skill level 15 in Unarmed Combat
 21099 | Orc:1    | Found a frozen archway.
 21148 | IceCv    | Entered an ice cave
 21922 | IceCv    | Learned a level 4 spell: Ice Form
 22300 | Orc:1    | Reached skill level 1 in Transmutations
 22801 | Orc:3    | Reached skill level 1 in Ice Magic
 23095 | Orc:3    | Found a bloodstained altar of Trog.
 23203 | Orc:4    | Entered Level 4 of the Orcish Mines
 23499 | Orc:4    | Found a roughly hewn altar of Beogh.
 23600 | Orc:4    | Found Xaol's Jewellery Boutique.
 23624 | Orc:4    | Found Netziacice's Gadget Shop.
 23975 | Orc:4    | Found a staircase to the Elven Halls.
 24034 | Orc:4    | Got a shimmering robe
 24045 | Orc:4    | Identified the +1 robe of the Empire {rF+} (You found it on level 4 of the Orcish Mines)
 24143 | Orc:4    | Found Goax's Armour Shoppe.
 24260 | Orc:4    | Gained mutation: Armour fits poorly on your strangely shaped body. [a neqoxec]
 24293 | Orc:4    | Found a roughly hewn altar of Beogh.
 24293 | Orc:4    | Noticed an orc warlord
 24303 | Orc:4    | Killed an orc warlord
 24401 | Orc:4    | Found Hayh's Food Boutique.
 24629 | Orc:4    | Reached skill level 5 in Transmutations
 24629 | Orc:4    | Reached skill level 5 in Ice Magic
 24876 | Orc:4    | Reached XP level 16. HP: 104/126 MP: 19/19
 25240 | Orc:4    | Bought the ring "Otratub" {+Inv rF+ rC+ Int+4} for 707 gold pieces
 25398 | Orc:2    | Found Ususiofedgh's General Store.
 25577 | Orc:2    | Bought a potion of ambrosia for 112 gold pieces
 25577 | Orc:2    | Bought a scroll of identify for 28 gold pieces
 25577 | Orc:2    | Bought a scroll of identify for 28 gold pieces
 25779 | D:10     | Bought a wand of heal wounds (4) for 624 gold pieces
 25853 | D:11     | Killed Maud
 25955 | D:12     | Found Toadinaek's Food Shoppe.
 26083 | D:12     | Noticed Josephine
 26118 | D:12     | Killed Josephine
 26320 | D:12     | Found Latozas's General Store.
 26376 | D:12     | Bought a scroll of identify for 26 gold pieces
 26394 | D:12     | Found Zaitoy's Book Boutique.
 26397 | D:12     | Bought a book of Changes for 400 gold pieces
 26403 | D:12     | Bought a book of Minor Magic for 320 gold pieces
 26406 | D:12     | Learned a level 2 spell: Repel Missiles
 26412 | D:12     | Learned a level 5 spell: Blade Hands
 26422 | D:12     | Learned a level 2 spell: Sticks to Snakes
 26475 | D:12     | Noticed Snorg
 26485 | D:12     | Killed Snorg
 26576 | D:12     | Found Sotwyc's Gadget Boutique.
 26669 | D:12     | Noticed Azrael
 26689 | D:12     | Killed Azrael
 27861 | D:13     | Found a gate to the Vaults.
 28240 | D:14     | Found a sparkling altar of Nemelex Xobeh.
 28267 | D:14     | Reached skill level 16 in Unarmed Combat
 28304 | D:14     | Learned a level 1 spell: Beastly Appendage
 28401 | D:14     | Found a white marble altar of Elyvilon.
 28733 | D:15     | Entered Level 15 of the Dungeon
 28980 | D:15     | Noticed Agnes
 29067 | D:15     | Killed Agnes
 29179 | D:15     | Found a shadowy altar of Dithmenos.
 29262 | D:15     | Found a glowing silver altar of Zin.
 29342 | D:15     | Noticed Roxanne
 29368 | D:15     | Reached XP level 17. HP: 129/133 MP: 21/21
 29376 | D:15     | Killed Roxanne
 29376 | D:15     | Reached skill level 5 in Spellcasting
 29396 | D:15     | Identified Roxanne's Collected Works on Mutagenic Earth (You took it off Roxanne on level 15 of the Dungeon)
 29404 | D:15     | Learned a level 6 spell: Statue Form
 29461 | D:15     | Found a staircase to the Depths.
 30050 | Lair:1   | Learned a level 2 spell: Stoneskin
 30170 | Snake:1  | Entered Level 1 of the Snake Pit
 30281 | Snake:1  | Noticed Nikola
 30647 | Snake:1  | Killed Nikola
 30985 | Snake:1  | Found a stormy altar of Qazlal.
 31367 | Snake:1  | Reached skill level 1 in Earth Magic
 32744 | Snake:2  | Identified a scroll of acquirement
 33536 | Snake:3  | Reached skill level 17 in Unarmed Combat
 33585 | Snake:3  | Reached XP level 18. HP: 44/142 MP: 3/24
 34382 | Snake:3  | Killed from afar by a greater naga

Vault maps used:
D:1:      minmay_arrival_five_plusses
D:2:      gammafunk_temple_overflow_wave,
          grunt_temple_overflow_order_and_chaos_1, first_bread,
          minmay_misc_feat_rows, kennysheep_okawaru_gauntlet, uniq_iyjb,
          uniq_robin, uniq_jessica
D:4:      uniq_sigmund, uniq_blork_the_orc, uniq_grinder
D:5:      fedhas_bush_and_centaur_altar, nrook_mini_backslash
D:6:      grunt_pakellas_mercury, temple_statues, grunt_ministairs_13
D:7:      marbit_many_paths, nicolae_ru_awakened_eye,
          nicolae_overflow_hidden_temple, grunt_ogre_cave,
          grunt_decor_one_mirror
D:8:      dpeg_oklobed_lair, serial_shops, shop, uniq_erica, uniq_erolcha,
          uniq_prince_ribbit1
D:9:      minitemple, orc_0_dummy
D:10:     nicolae_good_shop
D:11:     minmay_fountain_box, nicolae_tso_carved_into_rock, uniq_maud
D:12:     serial_shops, shop_fountains, shop_fountains, shop,
          nicolae_shop_statue_plus, uniq_snorg, uniq_azrael, uniq_josephine
D:13:     david_vaults_1, st_stairs_11
D:14:     lemuel_statue_altar, basic_altar
D:15:     grunt_enter_depths_snipers, lemuel_doored_altar,
          nicolae_dithmenos_through_a_glass_darkly, uniq_agnes, uniq_roxanne
Temple:   nicolae_temple_no_exploring_needed
Lair:1:   serial_bayou_shore_b, serial_bayou_shore_a, uniq_harold
Lair:2:   basic_altar, lab_entry_generic
Lair:3:   enter_volcano_3, infiniplex_staircase_pool
Lair:4:   minmay_shoals_entry_hut, guppyfry_snake_entry_island
Lair:5:   minmay_stone_trees_medium, dpeg_oklob_1, lemuel_fruit_tree,
          uniq_nessos
Lair:6:   basic_altar, uniq_kirke
Lair:8:   wormcave, slime_dummy, minivault_25, grunt_megastairs_3,
          lemuel_fruit_fields
Snake:1:  basic_altar, uniq_nikola
Snake:3:  st_stairs_11, guppyfry_library_mini
Orc:1:    portal_ice_cave_entry_ice_beasts, basic_altar, roderic_batcave
Orc:2:    serial_shops, nicolae_shop_window_shopping
Orc:3:    basic_altar, nicolae_orc_pool_cavern
Orc:4:    pubby_orc_utopia, serial_shops
Lab:      labyrinth_hidden_loot, nicolae_lab_dead_end, nicolae_lab_grate_2,
          nicolae_lab_stuck, labyrinth_skeletal_remains, nicolae_lab_swirl,
          nicolae_lab_x
IceCv:    ice_cave_caverns_03
Volcano:  volcano_grotto

Action                   |  1- 3 |  4- 6 |  7- 9 | 10-12 | 13-15 | 16-18 || total
-------------------------+-------+-------+-------+-------+-------+-------++-------
Melee: Unarmed           |    93 |   279 |   407 |   698 |  2121 |  1121 ||  4719
 Fire: Hunting sling     |       |     6 |       |     3 |       |       ||     9
 Cast: Regeneration      |       |       |       |       |   119 |   111 ||   230
       Blade Hands       |       |       |       |       |       |    31 ||    31
       Ice Form          |       |       |       |       |       |     6 ||     6
       Repel Missiles    |       |       |       |       |       |    10 ||    10
       Sticks to Snakes  |       |       |       |       |       |     6 ||     6
       Stoneskin         |       |       |       |       |       |    11 ||    11
Invok: Sacrifice Arcana  |       |       |     1 |       |       |       ||     1
       Sacrifice Essence |       |       |       |     1 |       |       ||     1
       Sacrifice a Hand  |       |       |       |     1 |       |       ||     1
       Power Leap        |       |       |       |       |    10 |    18 ||    28
       Draw Out Power    |       |       |       |       |     4 |     2 ||     6
       Sacrifice Health  |       |       |       |       |     1 |       ||     1
       Apocalypse        |       |       |       |       |     6 |     1 ||     7
       Sacrifice Durabil |       |       |       |       |     1 |       ||     1
       Reject Sacrifices |       |       |       |       |     1 |       ||     1
 Abil: Evoke Flight      |       |       |       |       |       |     3 ||     3
       End Transformatio |       |       |       |       |       |     1 ||     1
       Evoke Invisibilit |       |       |       |       |       |     1 ||     1
Evoke: Wand              |       |       |       |    10 |     9 |     3 ||    22
       Lamp of fire      |       |       |       |     2 |     2 |       ||     4
       Rod               |       |       |       |       |     4 |       ||     4
  Use: Potion            |       |     1 |     2 |       |     3 |     2 ||     8
       Scroll            |       |       |     9 |    13 |    12 |    17 ||    51
 Stab: Sleeping          |     2 |     6 |    14 |    14 |    17 |    30 ||    83
       Distracted        |       |       |     1 |     4 |    26 |    11 ||    42
       Paralysed         |       |       |       |    17 |    32 |    27 ||    76
       Invisible         |       |       |       |       |    47 |    38 ||    85
  Eat: Chunk             |     1 |     6 |    11 |    16 |    58 |    31 ||   123
       Royal jelly       |       |       |       |     1 |       |       ||     1
       Pizza             |       |       |       |     2 |     2 |     3 ||     7
       Fruit             |       |       |       |       |       |     1 ||     1
       Meat ration       |       |       |       |       |       |     4 ||     4
